 Dungeon Crawl Stone Soup version 0.29.0-13-gc9e81de378 (webtiles) character file.

Game seed: 17988606329281703989

1787 styxcanada the Covert (level 8, -1/40 HPs)
             Began as a Spriggan Brigand on Sept 9, 2022.
             Slain by a centaur
             ... wielding the +5 dagger of Linearity {flame, rPois rF++ Int+7}
              (2 damage)
             ... on level 6 of the Dungeon.
             The game lasted 00:27:04 (5226 turns).

styxcanada the Covert (Spriggan Brigand)            Turns: 5226, Time: 00:27:05

Health: -1/40      AC:  7    Str:  7    XL:     8   Next: 82%
Magic:  14/14      EV: 19    Int: 14    God:
Gold:   309        SH:  6    Dex: 19    Spells: 11/14 levels left

rFire   + . .      SeeInvis +   a - +3 dagger
rCold   . . .      Faith    .   r - +0 buckler
rNeg    . . .      Spirit   .   b - +1 robe
rPois   .          Reflect  .   k - +3 crown of Dyrovepreva {rElec Int+2 SInv}
rElec   +          Harm     .   c - +0 cloak
rCorr   .          Rampage  .   (gloves unavailable)
Will    +....                   (boots unavailable)
Stlth   +++++.....              i - amulet of regeneration
HPRegen 0.93/turn               o - ring of protection from fire
MPRegen 0.14/turn               (no ring)

@: mighty, very quick
A: very small, no large weapons, unfitting armour, see invisible, speed 3
a: no special abilities


You were on level 6 of the Dungeon.
You visited 1 branch of the dungeon, and saw 6 of its levels.

You collected 309 gold pieces.

Inventory:

Hand Weapons
 a - a +3 dagger (weapon)
Missiles
 d - 9 poisoned darts (quivered)
 e - 3 curare-tipped darts
 h - 68 stones
 m - 4 boomerangs
Armour
 b - a +1 robe (worn)
 c - a +0 cloak (worn)
 k - the +3 crown of Dyrovepreva (worn) {rElec Int+2 SInv}
   (You found it on level 3 of the Dungeon)

   Int:       It affects your intelligence (+2).
   rElec:     It insulates you from electricity.
   SInv:      It lets you see invisible.
 r - a +0 buckler (worn)
Jewellery
 i - an amulet of regeneration (around neck)
 o - a ring of protection from fire (left hand)
Wands
 v - a wand of digging (6)
Scrolls
 f - 2 scrolls of amnesia
 g - a scroll of poison
 l - 2 scrolls of blinking
 u - 3 scrolls of summoning
Potions
 j - 3 potions of haste
 n - a potion of curing
 p - a potion of brilliance
 q - 2 potions of lignification
 s - a potion of heal wounds


   Skills:
 + Level 3.1 Fighting
 + Level 4.2 Short Blades
 + Level 4.4 Throwing
 * Level 5.0 Dodging
 * Level 10.5 Stealth
 * Level 1.9 Shields
 * Level 3.8 Spellcasting
 * Level 2.3 Conjurations
 * Level 2.9 Air Magic


You had 11 spell levels left.
You knew the following spells:

 Your Spells              Type           Power      Damage    Failure   Level
a - Static Discharge      Conj/Air       10%        3-5/arc   22%         2
b - Shock                 Conj/Air       40%        1d5       14%         1

Your spell library contained the following spells:

 Spells                   Type           Power      Damage    Failure   Level
 Swiftness                Air            10%        N/A       36%         3
 Apportation              Tloc           4%         N/A       38%         1
 Slow                     Hex            8%         N/A       38%         1
 Confusing Touch          Hex            2%         N/A       77%         3
 Vampiric Draining        Necr           2%         2d6       77%         3
 Airstrike                Air            5%         2d(1-17)  77%         4
 Sticky Flame             Conj/Fire      5%         2d3       95%         4
 Dispel Undead            Necr           2%         3d7       99%         4
 Alistair's Intoxication  Tmut/Pois      1%         N/A       100%        5


Dungeon Overview and Level Annotations

Branches:
Dungeon (6/15)
 Temple: D:4-7

Altars:
Okawaru

Annotations:
D:6 Maggie


Innate Abilities, Weirdness & Mutations

You are very small and have problems with some larger weapons.
You are too small for most types of armour.
You have supernaturally acute eyesight. (SInv)
You cover ground extremely quickly. (Speed+++)


Message History

The centaur shoots an arrow.
You block the arrow. You block Maggie's attack.
You hit Maggie.
Maggie is moderately wounded.
The centaur shoots an arrow.
The arrow hits you.
Maggie mumbles the words to a spell, but in the wrong order.
Maggie misses you.
The centaur shoots an arrow.
You block the arrow.
You hit Maggie.
Maggie is moderately wounded.
Maggie barely misses you.
You hit Maggie.
Maggie is heavily wounded.
The centaur shoots an arrow.
The arrow hits you but does no damage.
Maggie hits you with a +2 long sword of flaming!
Maggie burns you.
Unknown command.
The centaur unwields a +0 shortbow.
The centaur wields the +5 dagger of Linearity {flame, rPois rF++ Int+7}.
It bursts into flame!
The centaur misses you.
The centaur kicks you but does no damage.
You puncture Maggie!
Maggie is severely wounded.
The centaur closely misses you. x2; Maggie closely misses you.
You puncture Maggie!
Maggie is severely wounded.
You block the centaur's attack. The centaur misses you. Maggie misses you.
The centaur zaps a wand.
The puff of flame misses you.
You puncture Maggie!
Maggie is almost dead.
The centaur zaps a wand.
The puff of flame hits you. You resist. Maggie completely misses you.
You hit Maggie.
Maggie is almost dead.
The centaur hits you with the +5 dagger of Linearity {flame, rPois rF++ Int+7}.
The centaur burns you. The centaur misses you.
Maggie hits you with a +2 long sword of flaming.
* * * LOW HITPOINT WARNING * * *
The centaur hits you with the +5 dagger of Linearity {flame, rPois rF++ Int+7}!
* * * LOW HITPOINT WARNING * * *
The centaur burns you.
You die...

.........# #.## ...
....##...###..### ....
................# ....
#..####....###..# .....
#..# ##........###.....
#..### #.........<......
.......#..........$.##..
#...........(...........
..............<@@.....)
........#.#...c.......
..........#...........
...........#..........
........##............ .
.........#......^..... .
....>....#............
....... .............


You could see Maggie and a centaur.

Vanquished Creatures
  Pikel (D:6)
  Sigmund (D:3)
  Edmund (D:6)
  An ice beast (D:5)
  2 sky beasts
  An ogre (D:6)
  Blork the orc (D:6)
  2 phantoms (D:4)
  3 scorpions
  2 hounds (D:5)
  An orc priest (D:4)
  2 iguanas (D:4)
  An orc wizard (D:5)
  Terence (D:3)
  3 adders (D:3)
  A shadow imp (D:6)
  A white imp (D:5)
  2 ufetubi
  5 dart slugs
  4 orcs
  4 endoplasms
  3 giant cockroaches
  2 goblins
  4 hobgoblins
  6 kobolds
  6 quokkas
  8 ball pythons
  5 bats
  5 frilled lizards
  25 rats
104 creatures vanquished.

Notes
Turn   | Place    | Note
-------+----------+-------------------------------------------
     0 | D:1      | styxcanada the Spriggan Brigand began the quest for the
                  | Orb.
     0 | D:1      | Reached XP level 1. HP: 10/10 MP: 2/2
    80 | D:1      | Reached skill level 6 in Stealth
   264 | D:1      | Reached XP level 2. HP: 11/15 MP: 3/3
  1310 | D:2      | Found a faded altar of an unknown god.
  1336 | D:2      | Reached XP level 3. HP: 18/18 MP: 4/4
  1358 | D:2      | Learned a level 2 spell: Static Discharge
  1946 | D:3      | Reached skill level 7 in Stealth
  2074 | D:3      | Reached XP level 4. HP: 23/23 MP: 5/5
  2294 | D:3      | Noticed Terence
  2343 | D:3      | Killed Terence
  2586 | D:3      | Found an iron altar of Okawaru.
  2660 | D:3      | Reached skill level 8 in Stealth
  2837 | D:3      | Noticed Sigmund
  2868 | D:3      | Killed Sigmund
  2869 | D:3      | Reached skill level 1 in Spellcasting
  2869 | D:3      | Reached skill level 1 in Air Magic
  2869 | D:3      | Reached XP level 5. HP: 26/26 MP: 6/8
  2869 | D:3      | Reached XP level 6. HP: 30/30 MP: 6/9
  3044 | D:3      | Found the +3 crown of Dyrovepreva {rElec Int+2 SInv}
  3096 | D:3      | Identified the +8 chain mail of the Silly Cricket {rF+
                  | Int+4}
  3255 | D:4      | Reached skill level 1 in Conjurations
  3321 | D:4      | Reached skill level 9 in Stealth
  3345 | D:4      | Learned a level 1 spell: Shock
  3496 | D:4      | Reached XP level 7. HP: 34/35 MP: 9/11
  3973 | D:5      | Entered Level 5 of the Dungeon
  4524 | D:5      | Reached skill level 1 in Shields
  4778 | D:6      | Noticed Edmund
  4854 | D:6      | Reached XP level 8. HP: 29/39 MP: 10/13
  4901 | D:6      | Killed Edmund
  4902 | D:6      | Reached skill level 10 in Stealth
  4921 | D:6      | Noticed Blork the orc
  4933 | D:6      | Noticed Maggie
  4968 | D:6      | Killed Blork the orc
  5128 | D:6      | Noticed Pikel
  5165 | D:6      | Killed Pikel
  5166 | D:6      | Reached skill level 5 in Dodging
  5202 | D:6      | Identified the +5 dagger of Linearity {flame, rPois rF++
                  | Int+7}
  5226 | D:6      | HP: 1/40 [centaur/the +5 dagger of Linearity {flame, rPois
                  | rF++ Int+7} (9)]
  5226 | D:6      | Slain by a centaur

Illustrated notes

Levels and vault maps discovered:
D:1:      saegor_arrival_simple_d, layout_basic
D:2:      layout_rooms, shapermc_ecumenical_altar_flowoftime,
          minmay_misc_feat_iff, minmay_cut_off
D:3:      layout_basic, mainiacjoe_overflow_24_doors, minmay_rat_hole,
          uniq_sigmund, uniq_terence
D:4:      layout_basic, st_stairs_10
D:5:      layout_gridville
D:6:      layout_rooms, minmay_temple_entry_antechambers, minmay_between,
          uniq_edmund, uniq_maggie, uniq_pikel, uniq_blork_the_orc

Skill      XL: |  1  2  3  4  5  6  7  8 |
---------------+-------------------------+-----
Stealth        | 6 7 8 9 10 | 10.5
Fighting       | 2 3 |  3.1
Dodging        | 2 3 4 5 |  5.0
Short Blades   | 3 4 |  4.2
Spellcasting   | 1 2 3 |  3.8
Air Magic      | 1 2 |  2.9
Conjurations   | 1 2 |  2.3
Throwing       | 3 4 |  4.4
Shields        | 1 |  1.9

Action                   |  1- 3 |  4- 6 |  7- 9 || total
-------------------------+-------+-------+-------++-------
Melee: Dagger            |    97 |    79 |    94 ||   270
       Punch             |     1 |       |       ||     1
Throw: Dart              |     3 |    45 |    47 ||    95
 Cast: Shock             |       |       |    15 ||    15
  Use: Scroll            |    10 |     3 |     4 ||    17
       Potion            |       |       |     2 ||     2
 Stab: Sleeping          |    23 |     7 |     6 ||    36
       Distracted        |     2 |       |       ||     2
Armor: Robe              |     8 |     7 |    20 ||    35
Dodge: Dodged            |    47 |    41 |    73 ||   161
Block: Buckler           |       |     5 |    25 ||    30
